 Dungeon Crawl Stone Soup version 0.27.0-1-g7a089689b8 (webtiles) character file.

Game seed: 9612420940103340312

1967 Kinoniko the Spear-Bearer (level 9, -2/67 (68) HPs)
             Began as a Merfolk Berserker on Aug 5, 2021.
             Was a Priest of Trog.
             Slain by a large slime creature (11 damage)
             ... on level 6 of the Dungeon.
             The game lasted 00:07:02 (7263 turns).

Kinoniko the Spear-Bearer (Merfolk Berserker)       Turns: 7263, Time: 00:07:04

HP:   -2/67 (68)    AC:  7    Str: 18    XL:     9   Next: 19%
MP:   9/9           EV: 19    Int:  6    God:    Trog [***...]
Gold: 176           SH:  0    Dex: 16    Spells: 8/8 levels left

rFire    . . .     SeeInvis .   q - +0 halberd
rCold    . . .     Faith    .   (shield currently unavailable)
rNeg     . . .     Spirit   .   p - +0 ring mail
rPois    .         Reflect  .   (no helmet)
rElec    .         Harm     .   (no cloak)
rCorr    .         Rampage  .   (no gloves)
Will     .....                  l - +1 pair of boots
Stlth    +.........             (no amulet)
HPRegen  0.21/turn              j - +4 ring of evasion
MPRegen  0.11/turn              (no ring)

@: on berserk cooldown, slowed, lightly drained, very slow
A: (nimble swimmer 2), mertail
a: Renounce Religion, Berserk, Trog's Hand


You were on level 6 of the Dungeon.
You worshipped Trog.
Trog was most pleased with you.
You visited 1 branch of the dungeon, and saw 6 of its levels.

You collected 176 gold pieces.

Inventory:

Hand Weapons
 a - a +0 spear
 n - a +0 trident
 q - a +0 halberd (weapon)
Armour
 b - a +0 animal skin
 f - a scarf of harm
 g - a +0 chain mail
 l - a +1 pair of boots (worn)
 p - a +0 ring mail (worn)
Jewellery
 j - a +4 ring of evasion (left hand)
 s - a ring of ice
Wands
 d - a wand of acid (18)
 m - a wand of iceblast (8)
Scrolls
 c - 4 scrolls of teleportation
 h - a scroll of magic mapping
 o - a scroll of fear
 r - 2 scrolls of fog {unknown}
 t - 2 scrolls of immolation {unknown}
 u - 2 scrolls of identify
Potions
 e - a potion of lignification
 i - 2 potions of resistance {unknown}
 k - a potion of attraction {unknown}


   Skills:
 + Level 5.1 Fighting
 * Level 13.1 Polearms
 - Level 1.3 Armour
 + Level 8.8 Dodging


You had 8 spell levels left.
You didn't know any spells.
Your spell library was empty.

Dungeon Overview and Level Annotations

Branches:
Dungeon (6/15)             Temple (0/1) D:6

Altars:
Fedhas
Uskayaw

Annotations:
D:5 1 runed translucent door, weresquid's ghost, novice DjFE


Innate Abilities, Weirdness & Mutations

((You are quick and stealthy near water. (Stealth+, EV+, Speed+++)))
Your lower body shifts to a powerful aquatic tail in water.


Message History

You are too injured to fight recklessly!
You are too injured to fight recklessly!
You are too injured to fight recklessly!
You are too injured to fight recklessly!
You are too injured to fight recklessly!
You are too berserk!
You feel a strong urge to attack something.
Reach: q) +0 halberd
Press: ? - help, Dir - move target, f - jelly
Aim: a jelly (about 10% to evade your +0 halberd)
You reach to attack!
You impale the jelly!!
You kill the jelly!
Trog accepts your kill.
Two slime creatures merge to form a large slime creature.
Unknown command.
Reach: q) +0 halberd
Press: ? - help, Dir - move target, f - large slime creature
Aim: a large slime creature (heavily wounded, about 17% to evade your +0 halberd)
You reach to attack!
You puncture the large slime creature!
The large slime creature is heavily wounded.
Reach: q) +0 halberd
Press: ? - help, Dir - move target, f/p - large slime creature
Aim: a large slime creature (heavily wounded, about 17% to evade your +0 halberd)
You reach to attack!
You impale the large slime creature!!
The large slime creature is severely wounded.
Reach: q) +0 halberd
Press: ? - help, Dir - move target, f/p - large slime creature
Aim: a large slime creature (severely wounded, about 17% to evade your +0 halberd)
You reach to attack!
You slash the large slime creature!
The large slime creature is almost dead.
You are no longer berserk.
You are exhausted.
You feel yourself slow down.
Reach: q) +0 halberd
Press: ? - help, Dir - move target, f/p - large slime creature
Aim: a large slime creature (almost dead, about 17% to evade your +0 halberd)
You reach to attack!
You puncture the large slime creature!
The large slime creature is almost dead.
The large slime creature hits you!
You die...

#...#####...###.....###.....#####
...###.###..##.......##.....## ##
##.........<##.......##......###.
####.......##.......##.......#..
###........##.......##......##..
#.........###....######.........
##.........# #....'..###......#..
###........# ########.##....#####
.#.........# ##J@....###....#.#..
...........# #J####### #.........
##.........##..J.....÷ ###.###...
........#..##......... #####...#
....#..###.##÷.÷...... ##......#.
.##...#.#####÷........ #.....####
##....#..####......... #.....###.
#..........##.......÷÷ #......#..
#..........########### #.........


You could see a large slime creature and a slime creature.

Vanquished Creatures
  A water moccasin (D:6)
  An ice beast (D:6)
  A sky beast (D:5)
  2 black bears
  A necrophage (D:4)
  3 ogres
  2 kobold brigands (D:6)
  Blork the orc (D:5)
  A gnoll sergeant (D:5)
  2 scorpions (D:6)
  A water moccasin zombie (D:6)
  2 wights (D:5)
  3 hounds
  A bullfrog skeleton (D:4)
  2 centaur skeletons
  4 jellies
  An iguana (D:4)
  3 orc wizards (D:5)
  A scorpion zombie (D:5)
  7 adders
  A white imp (D:5)
  4 worms
  2 dart slugs
  12 orcs
  9 endoplasms
  4 giant cockroaches
  7 goblins
  9 hobgoblins
  13 jackals
  13 kobolds
  6 quokkas
  5 ball pythons
  3 bats
  2 frilled lizards
  3 rats
133 creatures vanquished.

Vanquished Creatures (others)
  9 fungi (D:6)
  6 plants (D:3)
  7 toadstools (D:6)
22 creatures vanquished.

Grand Total: 155 creatures vanquished

Notes
Turn   | Place    | Note
-------+----------+-------------------------------------------
     0 | D:1      | Kinoniko the Merfolk Berserker began the quest for the Orb.
     0 | D:1      | Reached XP level 1. HP: 18/18 MP: 1/1
   251 | D:1      | Reached skill level 5 in Polearms
   251 | D:1      | Reached XP level 2. HP: 17/24 MP: 2/2
   507 | D:1      | Reached XP level 3. HP: 26/29 MP: 3/3
   869 | D:1      | Found a faded altar of an unknown god.
  1292 | D:2      | Reached skill level 6 in Polearms
  1733 | D:2      | Reached ** piety under Trog
  2020 | D:3      | Reached XP level 4. HP: 27/35 MP: 4/4
  2345 | D:3      | Found a hide-covered altar of Uskayaw.
  3357 | D:3      | Reached skill level 7 in Polearms
  3795 | D:4      | Reached XP level 5. HP: 41/41 MP: 5/5
  4023 | D:4      | Noticed a necrophage
  4037 | D:4      | Killed a necrophage
  4046 | D:4      | Reached skill level 8 in Polearms
  4104 | D:4      | Reached skill level 5 in Dodging
  4104 | D:4      | Reached XP level 6. HP: 42/47 MP: 6/6
  4603 | D:5      | Entered Level 5 of the Dungeon
  4621 | D:5      | Noticed a sky beast
  4631 | D:5      | Killed a sky beast
  4632 | D:5      | Reached skill level 9 in Polearms
  4724 | D:5      | Reached XP level 7. HP: 26/52 MP: 7/7
  5017 | D:5      | Found a runed translucent door.
  5021 | D:5      | Noticed weresquid's ghost (novice DjFE)
  5027 | D:5      | Found a blossoming altar of Fedhas.
  5052 | D:5      | Noticed Blork the orc
  5063 | D:5      | Reached skill level 10 in Polearms
  5085 | D:5      | Killed Blork the orc
  5531 | D:5      | Reached *** piety under Trog
  5532 | D:5      | Reached XP level 8. HP: 58/58 MP: 8/8
  5539 | D:5      | Reached skill level 11 in Polearms
  5562 | D:5      | HP: 4/87 [poisoned by an orc wizard]
  6392 | D:6      | Reached skill level 12 in Polearms
  6563 | D:6      | Reached XP level 9. HP: 61/66 MP: 9/9
  6726 | D:6      | Found a staircase to the Ecumenical Temple.
  6969 | D:6      | Reached skill level 5 in Fighting
  6969 | D:6      | Reached skill level 13 in Polearms
  7263 | D:6      | Slain by a large slime creature

Illustrated notes

Levels and vault maps discovered:
D:1:      dpeg_arrival_boxorama, layout_loops_ring, basic_ecumenical_altar
D:2:      layout_rooms, glass_columns_a, minivault_23
D:3:      layout_basic, lemuel_coloured_pillars_altar, serial_forest,
          infiniplex_forest_lined_3, infiniplex_forest_lined_corner,
          infiniplex_forest_end_2, infiniplex_forest_lined_room_2,
          infiniplex_forest_split, infiniplex_forest_lined_2,
          palyth_stone_intersect, grunt_decor_cap, st_stairs_7,
          grunt_ministairs_15, minmay_pentangle
D:4:      layout_basic
D:5:      layout_loops_cross, fedhas_altar_1, ebering_ghost_sewer_d,
          sword_in_stone
D:6:      cheibrodos_fertilizer, layout_cave_pools,
          minmay_temple_entry_enclosed_plants

Skill      XL: |  1  2  3  4  5  6  7  8  9 |
---------------+----------------------------+-----
Dodging        | 3 4 5 7 8 |  8.8
Polearms       | 5 6 7 8 9 10 12 13 | 13.1
Fighting       | 4 5 |  5.1
Armour         | |  1.3

Action                   |  1- 3 |  4- 6 |  7- 9 || total
-------------------------+-------+-------+-------++-------
Melee: Spear             |   138 |   221 |    14 ||   373
       Trident           |       |       |    41 ||    41
       Halberd           |       |       |   176 ||   176
Invok: Berserk           |       |     3 |     8 ||    11
  Use: Scroll            |       |     2 |     1 ||     3
       Potion            |       |       |     1 ||     1
 Stab: Sleeping          |     3 |       |       ||     3
Armor: Animal skin       |     9 |       |       ||     9
       Chain mail        |    10 |    68 |    11 ||    89
       Ring mail         |       |       |    34 ||    34
       Skin              |       |       |     3 ||     3
Dodge: Dodged            |    59 |    67 |   132 ||   258
